 Dungeon Crawl Stone Soup version 0.20-a0-1074-g6a0a8e1 (webtiles) character file.

69 Alarkh the Chopper (level 4, 33/33 HPs)
             Began as a Demonspawn Skald on Apr 29, 2017.
             Got out of the dungeon alive.
             The game lasted 00:01:26 (1274 turns).

Alarkh the Chopper (Demonspawn Skald)               Turns: 1274, Time: 00:01:27

Health: 33/33      AC:  5    Str: 12    XL:     4   Next: 2%
Magic:  7/7        EV: 17    Int: 15    God:
Gold:   67         SH:  0    Dex: 12    Spells: 2/7 levels left

rFire    . . .     SeeInvis .   a - +0 hand axe
rCold    . . .     Gourm    .   (no shield)
rNeg     . . .     Faith    .   b - +0 leather armour
rPois    .         Spirit   +   e - +1 helmet
rElec    .         Reflect  .   (no cloak)
rCorr    .         Harm     .   (no gloves)
MR       .....                  (no boots)
Stlth    +.........             (no amulet)
Regen    0.2/turn               h - +4 ring of evasion
MPRegen  0.1/turn               (no ring)

@: no status effects
A: repulsion field 1, magic shield
a: no special abilities


You escaped.
You were not hungry.

You visited 1 branch of the dungeon, and saw 2 of its levels.

You collected 67 gold pieces.

Inventory:

Hand Weapons
 a - a +0 hand axe (weapon)
Armour
 b - a +0 leather armour (worn)
 e - a +1 helmet (worn)
Jewellery
 h - a +4 ring of evasion (left hand)
Scrolls
 f - a scroll of amnesia
 g - a scroll of random uselessness {unknown}
 i - a scroll of teleportation {unknown}
 k - a scroll of remove curse {unknown}
 m - a scroll of identify {unknown}
Books
 c - a book of Battle

   Spells                             Type                      Level
   a - Infusion                       Charms                       1
   b - Shroud of Golubria             Charms/Translocation         2
   c - Song of Slaying                Charms                       2
   d - Spectral Weapon                Hexes/Charms                 3
   e - Regeneration                   Charms/Necromancy            3
Comestibles
 d - 3 bread rations
 j - 4 chunks of flesh


   Skills:
 - Level 2.0 Fighting
 + Level 3.9 Axes
 - Level 0.8 Armour
 - Level 1.7 Dodging
 - Level 2.0 Spellcasting
 - Level 2.6 Charms


You had 2 spell levels left.
You knew the following spells:

 Your Spells              Type           Power        Failure   Level  Hunger
a - Shroud of Golubria    Chrm/Tloc      #.........   24%         2    ###....
b - Regeneration          Chrm/Necr      #.........   43%         3    ###....


Dungeon Overview and Level Annotations

Branches:
Dungeon (2/15)

Altars:

Annotations:
D:2 Robin


Innate Abilities, Weirdness & Mutations

You are surrounded by a mild repulsion field. (EV +2)
When hurt, damage is shared between your health and your magic reserves.


Message History

Things that are here:
an uncursed hunting sling; 17 stones; a goblin skeleton
Things that are here:
an uncursed hunting sling; 17 stones; a goblin skeleton Done exploring.
Done exploring.
You see here a leather armour.
Eating one of 5 chunks of flesh.
You eat one of the 5 chunks of flesh.
This raw flesh tastes terrible.
You see here a club.
A jackal comes into view.
The jackal moves out of view.
You can't go up here!
(D) Dungeon
Where to? (Enter - D:1 @ (x,y), ? - help)
Okay, then.
The jackal barks!
There is a staircase leading out of the dungeon here.
Are you sure you want to leave the Dungeon?
This will make you lose the game!
You have escaped!

....##..# ######..#.......#####..
....##.####.........#####.#...#.#
............####..### #.#.#.###.#
.......###### #.(# ##.#...#...#
....#......# #.(####..#########
....#..###.#####..#........# ##.#
....#.## #.....#..#........# #...
....#.# #####.........(.†.# #.#.
....#.# ##.@h.(.......# #.#.
#####.# ###..........# #.#. # #.#
###...#........# #.#. # #.#
#...#.#........# #... # ###.#
#.###.############..# ###...# #.#
#.# #...# .#..####### #.# #.#
#..## ..........###[# #.# #..#
##.##.#.#.#.#.###.## ####..##


You could see a jackal.

Vanquished Creatures
  Natasha (D:2)
  An ooze (D:1)
  A dart slug (D:1)
  2 leopard geckos
  2 giant cockroaches
  12 goblins
  3 hobgoblins
  4 kobolds (D:1)
  A ball python (D:1)
  4 bats
  A frilled lizard (D:1)
  3 rats
35 creatures vanquished.

Notes
Turn   | Place    | Note
-------+----------+-------------------------------------------
     0 | D:1      | Alarkh the Demonspawn Skald began the quest for the Orb.
     0 | D:1      | Reached XP level 1. HP: 16/16 MP: 3/3
    35 | D:1      | Reached skill level 2 in Axes
   223 | D:1      | Gained mutation: You are surrounded by a mild repulsion field. (EV +2) [demonic ancestry]
   223 | D:1      | Reached XP level 2. HP: 22/22 MP: 5/5
   541 | D:1      | Reached skill level 3 in Axes
   777 | D:2      | Reached XP level 3. HP: 25/27 MP: 6/6
   860 | D:2      | Noticed Natasha
   885 | D:2      | Killed Natasha
  1150 | D:2      | Noticed Robin
  1180 | D:1      | Learned a level 2 spell: Shroud of Golubria
  1184 | D:1      | Learned a level 3 spell: Regeneration
  1222 | D:1      | Gained mutation: When hurt, damage is shared between your health and your magic reserves. [demonic ancestry]
  1222 | D:1      | Reached XP level 4. HP: 31/33 MP: 4/7
  1274 | D:$      | Got out of the dungeon alive.

Vault maps used:
D:1:      dpeg_arrival_tiny_a, minmay_misc_feat_doors, bh_walls_and_bars
D:2:      overflow_temple_1_default, lemuel_coloured_pillars_altar,
          dk_noncrumbling_2, uniq_natasha, uniq_robin

Skill      XL: |  1  2 |
---------------+-------+-----
Axes           | 2 3 |  3.9
Fighting       | |  2.0
Armour         | |  0.8
Dodging        | |  1.7
Spellcasting   | |  2.0
Charms         | |  2.6

Action                   |  1- 3 |  4- 6 || total
-------------------------+-------+-------++-------
Melee: Hand axe          |   140 |       ||   140
 Cast: Shroud of Golubri |     1 |       ||     1
  Use: Scroll            |     1 |       ||     1
       Potion            |     1 |       ||     1
  Eat: Chunk             |     1 |     1 ||     2
Armor: Leather armour    |    34 |       ||    34
       Skin              |    10 |       ||    10
Dodge: Dodged            |   139 |       ||   139
